 Dungeon Crawl Stone Soup version 0.24.1-8-ga250c9d538 (webtiles) character file.

Game seed: 18132081476621877981, levelgen mode: deterministic

4519 Peloso the Carver (level 10, 0/83 HPs)
             Began as a Ghoul Fighter on May 1, 2020.
             Was a Priest of Okawaru.
             Slain by a troll (12 damage)
             ... on level 9 of the Dungeon.
             The game lasted 00:23:32 (9197 turns).

Peloso the Carver (Ghoul Fighter)                   Turns: 9197, Time: 00:23:33

Health: 0/83       AC: 16    Str: 27    XL:     10   Next: 39%
Magic:  8/9        EV:  6    Int:  3    God:    Okawaru [***...]
Gold:   533        SH: 11    Dex:  9    Spells: 9/9 levels left

rFire    . . .     SeeInvis .   a - +3 falchion
rCold    + . .     Gourm    .   c - +0 shield
rNeg     + + +     Faith    .   E - +0 plate armour
rPois    ∞         Spirit   .   (no helmet)
rElec    .         Reflect  .   w - +0 cloak
rCorr    .         Harm     .   C - +1 pair of gloves
MR       .....     Rnd*Tele +   i - +0 pair of boots
Stlth    ..........             k - amulet of regeneration
HPRegen  0.00/turn              e - +4 ring of strength
MPRegen  0.11/turn              u - ring of teleportation

@: rotting, drained
A: rotting body, claws 1, carnivore, cold resistance 1, negative energy
resistance 3, inhibited regeneration, torment resistance, unbreathing
a: Heroism, Renounce Religion


You were on level 9 of the Dungeon.
You worshipped Okawaru.
Okawaru was most pleased with you.
You were not hungry.

You visited 1 branch of the dungeon, and saw 9 of its levels.

You collected 533 gold pieces.

Inventory:

Hand Weapons
 a - a +3 falchion (weapon)
 D - a +1 hand axe of venom
Armour
 c - a +0 shield (worn)
 i - a +0 pair of boots (worn)
 m - a +0 scale mail
 n - a +0 chain mail
 q - a +0 pair of gloves
 w - a +0 cloak (worn)
 C - a +1 pair of gloves (worn)
 E - a +0 plate armour (worn)
Jewellery
 e - a +4 ring of strength (left hand)
 k - an amulet of regeneration (around neck)
 u - a ring of teleportation (right hand)
 B - an uncursed amulet of guardian spirit
Wands
 I - a wand of paralysis (6)
Scrolls
 l - 6 scrolls of fear
 p - 2 scrolls of enchant weapon
 s - a scroll of fog {unknown}
 x - a scroll of amnesia {unknown}
 y - 5 scrolls of identify
 A - 4 scrolls of teleportation
 F - a scroll of holy word {unknown}
 G - 3 scrolls of magic mapping {unknown}
Potions
 d - a potion of might
 g - 3 potions of curing
 j - 2 potions of lignification
 o - 2 potions of cancellation
 t - a potion of berserk rage
 v - 2 potions of haste
 z - a potion of mutation
 H - 4 potions of brilliance
Comestibles
 f - 22 rations


   Skills:
 + Level 5.9(4.8) Fighting
 + Level 8.4(7.2) Long Blades
 + Level 0.1(0.0) Axes
 + Level 6.2(5.0) Armour
 + Level 2.5(1.4) Dodging
 + Level 1.1(0.1) Stealth
 + Level 8.2(6.9) Shields
 + Level 1.3(0.2) Invocations
 + Level 0.1(0.0) Evocations


You had 9 spell levels left.
You didn't know any spells.
Your spell library contained the following spells:

 Spells                   Type           Power        Failure   Level  Hunger
 Shock                    Conj/Air       #...         100%        1    ##.....
 Swiftness                Chrm/Air       #.......     100%        2    ###....
 Static Discharge         Conj/Air       #.......     100%        3    ####...
 Airstrike                Air            #.........   100%        4    #####..
 Lightning Bolt           Conj/Air       #.........   100%        5    ######.


Dungeon Overview and Level Annotations

Branches:
Dungeon (9/15)             Temple (0/1) D:5
   Lair: D:8-11         Orc: D:9-12

Altars:
Ashenzari
Makhleb
Nemelex Xobeh
Okawaru
Sif Muna
The Shining One

Shops:
D:5 ?


Innate Abilities, Weirdness & Mutations

Your body is rotting away.
You thrive on raw meat.
You are immune to poison.
You have sharp fingernails.
You are carnivorous and can eat meat at any time.
Your flesh is cold resistant. (rC+)
You are immune to negative energy. (rN+++)
You do not regenerate when monsters are visible.
You are immune to unholy pain and torment.
You can survive without breathing.


Message History

The troll is heavily wounded.
The troll completely misses you. The troll claws you.
* * * LOW HITPOINT WARNING * * *
The troll claws you but does no damage.
You completely miss the troll.
The troll is moderately wounded.
You block the troll's attack. The troll claws you but does no damage.
You block the troll's attack. The troll bites you.
* * * LOW HITPOINT WARNING * * *
You block the troll's attack. The troll completely misses you.
You slash the troll!
The troll is heavily wounded.
Your intelligence has recovered.
You feel yourself speed up. The troll bites you.
* * * LOW HITPOINT WARNING * * *
The troll claws you but does no damage. You block the troll's attack. x2
The troll claws you but does no damage. x2
You feel better. The troll bites you!
You die...

.. #.. ###..#
.#..# .....
###########..#
.......)..).#
#########@T##
####


You could see a troll.

Vanquished Creatures
  Maurice (D:9)
  Eustachio (D:6)
  Grum (D:8)
  A hungry ghost (D:7)
  A water moccasin (D:8)
  2 orc warriors
  2 ice beasts
  2 ogres
  A phantom (D:4)
  4 wolves (D:8)
  4 centaurs
  A crocodile (D:8)
  A big kobold (D:7)
  2 bullfrogs
  A gnoll sergeant (D:6)
  A water moccasin skeleton (D:6)
  A wyvern skeleton (D:7)
  3 scorpions
  4 wights (D:8)
  10 killer bees
  2 crimson imps
  2 bullfrog zombies
  6 hounds
  4 orc priests
  A centaur skeleton (D:4)
  A jelly (D:5)
  Crazy Yiuf (D:4)
  An iron imp (D:8)
  Jessica (D:2)
  2 orc wizards (D:7)
  7 worker ants
  Terence (D:3)
  A hound skeleton (D:6)
  2 worker ant zombies (D:8)
  7 gnolls
  18 adders
  A shadow imp (D:8)
  4 oozes
  An adder zombie (D:5)
  An adder skeleton (D:4)
  A worm (D:4)
  5 dart slugs
  8 leopard geckos
  15 orcs
  6 bats
  5 giant cockroaches
  4 goblins
  11 hobgoblins
  10 jackals
  7 quokkas
  4 ball pythons
  4 frilled lizards
  A goblin zombie (D:8)
  2 hobgoblin zombies (D:8)
  14 kobolds
  3 kobold skeletons (D:8)
  2 orc zombies (D:8)
  2 quokka skeletons
  9 rats
221 creatures vanquished.

Notes
Turn   | Place    | Note
-------+----------+-------------------------------------------
     0 | D:1      | Peloso the Ghoul Fighter began the quest for the Orb.
     0 | D:1      | Reached XP level 1. HP: 19/19 MP: 0/0
   101 | D:1      | Reached XP level 2. HP: 22/25 MP: 1/1
   393 | D:1      | Reached XP level 3. HP: 31/31 MP: 2/2
   917 | D:2      | Reached XP level 4. HP: 33/38 MP: 3/3
  1074 | D:2      | Noticed Jessica
  1086 | D:2      | Killed Jessica
  1142 | D:2      | Found a shimmering blue altar of Sif Muna.
  1221 | D:2      | Reached XP level 5. HP: 31/44 MP: 4/4
  1655 | D:3      | Noticed Terence
  1696 | D:3      | Killed Terence
  2139 | D:3      | Reached XP level 6. HP: 11/52 MP: 5/5
  3139 | D:4      | Noticed a phantom
  3172 | D:4      | Killed a phantom
  3172 | D:4      | Reached skill level 1 in Dodging
  3206 | D:4      | Reached XP level 7. HP: 41/59 MP: 6/6
  3585 | D:4      | Found a shattered altar of Ashenzari.
  3928 | D:4      | Found an iron altar of Okawaru.
  3989 | D:4      | Found a runed translucent door.
  4040 | D:4      | Became a worshipper of Warmaster Okawaru
  4190 | D:4      | Noticed Crazy Yiuf
  4200 | D:4      | Killed Crazy Yiuf
  4200 | D:4      | Reached skill level 5 in Shields
  4233 | D:5      | Entered Level 5 of the Dungeon
  4393 | D:5      | Reached XP level 8. HP: 47/65 MP: 7/7
  4414 | D:5      | Reached skill level 5 in Long Blades
  4650 | D:5      | Found a burning altar of Makhleb.
  4669 | D:5      | Reached * piety under Okawaru
  4903 | D:5      | Found a staircase to the Ecumenical Temple.
  4996 | D:5      | Found Kosibau's Magic Scroll Shop.
  5555 | D:6      | Noticed Eustachio
  5575 | D:6      | Killed Eustachio
  5575 | D:6      | Reached skill level 5 in Fighting
  5610 | D:6      | Reached XP level 9. HP: 11/74 MP: 5/8
  5881 | D:6      | Reached ** piety under Okawaru
  5881 | D:6      | Reached skill level 5 in Armour
  6402 | D:7      | Reached skill level 1 in Invocations
  6434 | D:7      | Found a sparkling altar of Nemelex Xobeh.
  7366 | D:8      | Found a glowing golden altar of the Shining One.
  7470 | D:8      | Noticed Grum
  7473 | D:8      | Reached *** piety under Okawaru
  7491 | D:8      | Reached XP level 10. HP: 46/80 MP: 7/9
  7514 | D:8      | Killed Grum
  8802 | D:9      | Got a jewelled war axe
  8804 | D:9      | Lost intelligence.
  8804 | D:9      | Identified the cursed +0 war axe of Ygacekhegh {chop, +Rage
                  | Str+2 Int-3} (You found it on level 9 of the Dungeon)
  9173 | D:9      | Noticed Maurice
  9184 | D:9      | Killed Maurice
  9184 | D:9      | Reached skill level 1 in Stealth
  9197 | D:9      | Slain by a troll

Levels and vault maps discovered:
D:1:      dpeg_arrival_tiny_d, layout_rooms
D:2:      layout_basic, lemuel_doored_altar, uniq_jessica
D:3:      layout_basic, serial_co_window_serial, co_window_of_opportunity_a,
          co_window_cross_1, co_window_cross_1, co_window_paths_b,
          co_window_corner_a, co_window_corner_b, co_window_broadway_b,
          co_window_corner_ca, co_window_4corner_a, minmay_misc_feat_square,
          cheibrodos_gnoll_hut, uniq_terence
D:4:      layout_rooms, nicolae_overflow_crystal_walls, kennysheep_little_box,
          first_ration, minmay_bent, uniq_crazy_yiuf_cottage
D:5:      layout_basic, lemuel_round_altar, minmay_temple_entry_arrows,
          serial_shops, shop, grunt_tough_drop
D:6:      layout_loops_corners, uniq_eustachio
D:7:      layout_cave_pools, overflow_temple_1_default
D:8:      layout_cave_pods, nicolae_tso_besieged_by_evil,
          kennysheep_nondescript, uniq_grum
D:9:      layout_loops_corners, uniq_maurice

Skill      XL: |  1  2  3  4  5  6  7  8  9 10 |
---------------+-------------------------------+-----
Long Blades    | 2 3 4 6 8 |  8.4
Armour         | 3 4 5 6 |  6.2
Shields        | 3 4 5 6 7 8 |  8.2
Fighting       | 4 5 |  5.9
Dodging        | 1 2 |  2.5
Invocations    | 1 |  1.3
Stealth        | 1 |  1.1
Axes           | |  0.1
Evocations     | |  0.1

Action                   |  1- 3 |  4- 6 |  7- 9 | 10-12 || total
-------------------------+-------+-------+-------+-------++-------
Melee: Long sword        |   112 |   235 |   537 |       ||   884
       Falchion          |       |       |    67 |   132 ||   199
       War axe           |       |       |       |     1 ||     1
Invok: Heroism           |       |       |     6 |     5 ||    11
Evoke: Wand              |       |       |       |     4 ||     4
  Use: Potion            |     1 |     4 |     2 |     2 ||     9
       Scroll            |       |     5 |     5 |     4 ||    14
 Stab: Paralysed         |       |       |       |     7 ||     7
  Eat: Chunk             |       |     9 |    15 |     5 ||    29
Armor: Scale mail        |    62 |       |       |       ||    62
       Chain mail        |       |   181 |   279 |       ||   460
       Plate armour      |       |       |    70 |    66 ||   136
Dodge: Dodged            |    29 |    77 |   174 |    38 ||   318
Block: Shield            |    60 |   176 |   383 |    95 ||   714
       Rpst.: Long sword |    10 |    20 |    36 |       ||    66
       Falchion          |       |       |    10 |    10 ||    20
